 Dungeon Crawl Stone Soup version 0.29.1-1-gd02db6906a (webtiles) character file.

Game seed: 9592902049335424285

67 Godmorgon the Gusty (level 4, -5/24 HPs)
             Began as a Tengu Air Elementalist on Oct 21, 2022.
             Slain by a gnoll
             ... wielding a +0 halberd
              (13 damage)
             ... on level 2 of the Dungeon.
             The game lasted 00:05:48 (2183 turns).

Godmorgon the Gusty (Tengu Air Elementalist)        Turns: 2183, Time: 00:05:49

Health: -5/24      AC:  2    Str:  8    XL:     4   Next: 18%
Magic:  6/8        EV: 12    Int: 18    God:
Gold:   76         SH:  0    Dex: 14    Spells: 5/8 levels left

rFire   . . .      SeeInvis .   a - +2 dagger (drain)
rCold   . . .      Faith    .   (no shield)
rNeg    . . .      Spirit   .   y - +0 robe
rPois   .          Reflect  .   (helmet restricted)
rElec   .          Harm     .   (no cloak)
rCorr   .          Rampage  .   (no gloves)
Will    .....                   (boots unavailable)
Stlth   ++........              (no amulet)
HPRegen 0.08/turn               (no ring)
MPRegen 0.11/turn               (no ring)

@: no status effects
A: beak, talons 3
a: no special abilities


You were on level 2 of the Dungeon.
You visited 1 branch of the dungeon, and saw 2 of its levels.

You collected 76 gold pieces.

Inventory:

Hand Weapons
 a - a +2 dagger of draining (weapon)
 l - a +2 short sword of flaming
Missiles
 f - 18 poisoned darts
Armour
 y - a +0 robe (worn)
Scrolls
 c - a scroll of noise {unknown}
 d - 3 scrolls of teleportation {unknown}
 h - a scroll of silence {unknown}
 i - a scroll of amnesia {unknown}
 k - 3 scrolls of identify {unknown}
Potions
 b - a potion of magic
 e - a potion of curing {unknown}
 g - a potion of resistance {unknown}
 j - a potion of mutation {unknown}
 m - a potion of lignification {unknown}
 n - a potion of attraction {unknown}


   Skills:
 - Level 2.1 Dodging
 - Level 2.0 Stealth
 + Level 2.6 Spellcasting
 + Level 2.6 Conjurations
 * Level 5.4 Air Magic


You had 5 spell levels left.
You knew the following spells:

 Your Spells              Type           Power      Damage    Failure   Level
d - Static Discharge      Conj/Air       17%        3-6/arc   4%          2
s - Shock                 Conj/Air       68%        1d7       3%          1

Your spell library contained the following spells:

 Spells                   Type           Power      Damage    Failure   Level
 Swiftness                Air            22%        N/A       5%          3
 Airstrike                Air            11%        2d(2-18)  19%         4


Dungeon Overview and Level Annotations

Branches:
Dungeon (2/15)

Altars:


Innate Abilities, Weirdness & Mutations

You have a beak for a mouth.
You have claws for feet.


Message History

You kill the adder!
You are struck by an arc of lightning.
The lightning grounds out.
You have reached level 4!
You feel clever.
A rat comes into view.
Found 6 poisoned darts.
Casting: Static Discharge (safe; 4% risk of failure)
Confirm with . or Enter, or press ? or * to list all spells.
The rat is struck by an arc of lightning.
You kill the rat!
You are struck by an arc of lightning.
The lightning grounds out.
f - 18 poisoned darts (gained 6)
A giant cockroach comes into view.
Found a stone staircase leading up.
Casting: Static Discharge (safe; 4% risk of failure)
Confirm with . or Enter, or press ? or * to list all spells.
The giant cockroach is struck by an arc of lightning.
You kill the giant cockroach!
You are struck by an arc of lightning.
The lightning grounds out.
Found a stone staircase leading down.
You see here a giant cockroach corpse.
There is a stone staircase leading down here.
A gnoll comes into view. It is wielding a +0 spear.
A gnoll comes into view. It is wielding a +0 halberd.
The gnoll shouts! x2; You hear a shout!
A gnoll comes into view. It is wielding a +0 halberd.
A giant cockroach comes into view.
Found a ring mail.
The gnoll barely misses you.
A worm comes into view.
The gnoll misses you.
The gnoll hits you from afar with a +0 halberd!
Ouch! That really hurt!
Casting: Static Discharge (safe; 4% risk of failure)
Confirm with . or Enter, or press ? or * to list all spells.
The gnoll is struck by an arc of lightning.
The gnoll is moderately wounded.
You are struck by an arc of lightning.
The lightning grounds out.
The gnoll hits you from afar with a +0 halberd!
Ouch! That really hurt!
You die...

########.# #.# #.#
#....#...#### #.###.#
...#.#.#....# #.....#####
#..#.#<...#+#######.....#
...#.#.#.<...... ##.###.#
##.#.#.#........ #..#
...#...# ......[##..###.#
'###..## #.............#
......# ######@.#.#####
...)..# ...w.g.g.#...
..†.#.# ####.g.B.#####
....#.# ...###.# ....#.#
..... #.# ....#.. ..#.
#.# ....### . # #'#
....### .# ..
......###..#


You could see a worm, 3 gnolls and a giant cockroach.

Vanquished Creatures
  2 adders (D:2)
  A dart slug (D:2)
  6 bats
  An endoplasm (D:1)
  3 giant cockroaches
  2 goblins (D:2)
  2 hobgoblins (D:1)
  4 jackals
  A quokka (D:1)
  6 ball pythons
  3 frilled lizards
  8 kobolds
  5 rats
44 creatures vanquished.

Vanquished Creatures (others)
  12 plants (D:1)
12 creatures vanquished.

Grand Total: 56 creatures vanquished

Notes
Turn   | Place    | Note
-------+----------+-------------------------------------------
     0 | D:1      | Godmorgon the Tengu Air Elementalist began the quest for
                  | the Orb.
     0 | D:1      | Reached XP level 1. HP: 10/10 MP: 4/4
   501 | D:1      | Reached XP level 2. HP: 10/15 MP: 6/6
   834 | D:1      | Learned a level 2 spell: Static Discharge
  1198 | D:1      | Reached XP level 3. HP: 11/19 MP: 4/7
  1394 | D:2      | Reached skill level 5 in Air Magic
  1992 | D:2      | Reached XP level 4. HP: 17/24 MP: 5/8
  2183 | D:2      | Slain by a gnoll

Illustrated notes

Levels and vault maps discovered:
D:1:      scummos_arrival_star, layout_basic, glass_columns_a,
          lexackson_kobold_supper
D:2:      minmay_diamond_boxcup, layout_basic, uniq_crazy_yiuf_cottage

Skill      XL: |  1  2  3 |
---------------+----------+-----
Conjurations   | 2 |  2.6
Air Magic      | 5 |  5.4
Dodging        | |  2.1
Stealth        | |  2.0
Spellcasting   | |  2.6

Action                   |  1- 3 |  4- 6 || total
-------------------------+-------+-------++-------
Melee: Dagger            |    21 |       ||    21
       Kick              |     3 |       ||     3
       Peck              |     1 |       ||     1
 Cast: Shock             |    20 |       ||    20
       Static Discharge  |    21 |     3 ||    24
Armor: Robe              |    19 |       ||    19
Dodge: Dodged            |    37 |     2 ||    39
